[Event "2026 Biel Blitz Open"]
[Site "Biel, CH"]
[Date "2026.07.19"]
[Round "12"]
[White "Delesenne, Arthur"]
[Black "Koehler, Noe"]
[Result "1-0"]
[Board "47"]
[TimeControl "180+2"]
[WhiteFideId "276979"]
[BlackFideId "1362488"]
[WhiteElo "1789"]
[BlackElo "1639"]
[WhiteClock "0:00:09"]
[BlackClock "0:00:07"]
[Variant "Standard"]
[EndDate "2026.07.19"]
[EndTime "16:06:06"]

1. e4 c5 2. Nf3 e6 3. c3 Nf6 4. e5 Nd5 5. g3 Nc6 6. Bg2 Qc7 7. Qe2 Be7 8. O-O O-O 9. d4 cxd4 10. cxd4 d6 11. exd6 Bxd6 12. Nc3 Nf6 13. Nb5 Qd7 14. Nxd6 Qxd6 15. Rd1 Rd8 16. Bg5 Qe7 17. a3 h6 18. Bf4 Nd5 19. Be3 Nxe3 20. fxe3 Rb8 21. b4 b6 22. Rac1 Bb7 23. Rc2 Rdc8 24. Rdc1 Qf6 25. Qb5 Ne7 26. Ne5 Qg5 27. Qd3 Rxc2 28. Rxc2 Rc8 29. Bxb7 Rxc2 30. Qxc2 Qxe3+ 31. Qf2 Qc1+ 32. Kg2 Nf5 33. Be4 Qc3 34. Bxf5 exf5 35. Nf3 Qxa3 36. Qd2 Qb3 37. d5 Qc4 38. d6 Qc8 39. d7 Qd8 40. Ne5 Qa8+ 41. Kh3 Qd8 42. Nc6 Qg5 43. Qxg5 1-0

[Event "2026 Biel Blitz Open"]
[Site "Biel, CH"]
[Date "2026.07.19"]
[Round "12"]
[White "Mikavica, Dragoljub"]
[Black "Vedant Nayudu"]
[Result "0-1"]
[Board "49"]
[TimeControl "180+2"]
[WhiteFideId "1308726"]
[BlackFideId "33369780"]
[WhiteElo "1983"]
[BlackElo "1732"]
[WhiteClock "0:01:02"]
[BlackClock "0:00:10"]
[Variant "Standard"]
[EndDate "2026.07.19"]
[EndTime "15:59:42"]

1. Nf3 d5 2. g3 Nf6 3. Bg2 c5 4. d4 Nc6 5. c3 cxd4 6. cxd4 Bf5 7. a3 e6 8. O-O Bd6 9. Nc3 O-O 10. Bg5 h6 11. Bxf6 Qxf6 12. Rc1 Rac8 13. Re1 Rfd8 14. e4 dxe4 15. Nxe4 Qe7 16. Nxd6 Rxd6 17. d5 Rxd5 18. Qxd5 exd5 19. Rxe7 Nxe7 20. Rxc8+ Nxc8 21. Nd4 Be6 22. f4 g6 23. h3 Nd6 24. g4 Nc4 25. f5 Bc8 26. Bxd5 Ne3 27. Be4 gxf5 28. gxf5 Nc4 29. Nb5 Nxb2 30. Nxa7 Bd7 31. Bxb7 Bxf5 32. Bg2 Nc4 33. a4 Bd7 34. Nb5 Bxb5 35. axb5 Kf8 36. Kf2 Ke7 37. Ke2 Kd6 38. Kd3 Kc5 39. Bf1 Nd6 40. Ke3 Nxb5 41. Bxb5 Kxb5 42. Kf4 Kc6 43. Kf5 Kd7 44. Kf6 Ke8 45. Kg7 f5 46. Kg6 0-1

[Event "2026 Biel Blitz Open"]
[Site "Biel, CH"]
[Date "2026.07.19"]
[Round "12"]
[White "Chantrell, Paul"]
[Black "Draude, Theo"]
[Result "0-1"]
[Board "52"]
[TimeControl "180+2"]
[WhiteFideId "451967"]
[BlackFideId "34623809"]
[WhiteElo "1749"]
[BlackElo "1861"]
[WhiteClock "0:00:06"]
[BlackClock "0:00:09"]
[Variant "Standard"]
[EndDate "2026.07.19"]
[EndTime "16:06:11"]

1. e4 a6 2. d4 e6 3. Nf3 d5 4. e5 c5 5. c3 Nc6 6. Be2 f5 7. exf6 Nxf6 8. Bg5 Be7 9. Bxf6 gxf6 10. O-O Rg8 11. dxc5 Bxc5 12. Nd4 Nxd4 13. Bh5+ Ke7 14. cxd4 Bd6 15. Re1 Qf8 16. Nc3 Qh6 17. Nxd5+ Kd8 18. Nb6 Rb8 19. Nxc8 Rxc8 20. Rxe6 Kd7 21. Re1 Rg5 22. Bg4+ f5 23. Bf3 Qxh2+ 24. Kf1 Qh1+ 25. Ke2 Re8+ 26. Kd3 Rxe1 27. Qxe1 Qh4 28. Rc1 Rg7 29. Qa5 Qf6 30. Bxb7 f4 31. Qa4+ Ke7 32. Qc6 Qf5+ 33. Qe4+ Qxe4+ 34. Kxe4 Rxg2 35. Rc2 Rg5 36. d5 Re5+ 37. Kd4 Rh5 38. Bxa6 Rh2 39. Bc4 h5 40. Ke4 h4 41. Kf3 h3 42. Kg4 Rh1 43. Bd3 h2 44. Be4 Rg1+ 45. Kf5 h1=Q 46. Bxh1 Rxh1 47. b3 Rh5+ 48. Ke4 Re5+ 49. Kd4 Rh5 50. a4 f3 51. Ke3 Rh4 52. Kxf3 Rh3+ 53. Ke4 Rxb3 54. Rc4 Ra3 55. f4 Rh3 56. Kf5 Rf3 57. Kg4 Ra3 58. Kg5 Rg3+ 59. Kf5 Rf3 60. Kg4 Ra3 61. f5 Rg3+ 62. Kh5 Rg1 63. Re4+ Kf7 64. Re6 Bb8 65. d6 Rd1 66. Re7+ Kf8 67. Rb7 Bxd6 68. Kg6 0-1

[Event "2026 Biel Blitz Open"]
[Site "Biel, CH"]
[Date "2026.07.19"]
[Round "13"]
[White "Bu, Xiangzhi"]
[Black "Gloeckler, Christian"]
[Result "1-0"]
[Board "1"]
[TimeControl "180+2"]
[WhiteFideId "8601445"]
[BlackFideId "34608966"]
[WhiteElo "2719"]
[BlackElo "2513"]
[WhiteTitle "GM"]
[BlackTitle "IM"]
[WhiteClock "0:00:51"]
[BlackClock "0:00:01"]
[Variant "Standard"]
[EndDate "2026.07.19"]
[EndTime "16:20:16"]

1. Nf3 Nf6 2. c4 e6 3. Nc3 d5 4. d4 dxc4 5. e3 a6 6. a4 b6 7. Bxc4 Bb7 8. O-O Bb4 9. Qb3 Qe7 10. Bd2 O-O 11. Rac1 c5 12. dxc5 Bxc5 13. Rfd1 Nc6 14. Be2 Rad8 15. Be1 Rxd1 16. Rxd1 Rd8 17. Rxd8+ Qxd8 18. h3 h6 19. Qd1 Qe7 20. Qc2 Nb4 21. Qb3 Nd7 22. Qc4 a5 23. Kf1 Nf6 24. Qf4 Bd6 25. Qh4 Nfd5 26. Qxe7 Nxe7 27. Nb5 Bc5 28. Ne5 Bc8 29. Na7 Ba6 30. Bxb4 Bxe2+ 31. Kxe2 Bxb4 32. Nd7 Nd5 33. g3 f5 34. Nc8 Bc5 35. Nxc5 bxc5 36. Kd3 Nf6 37. Nd6 Kf8 38. f3 Nd7 39. Nb7 Ne5+ 40. Ke2 Nd7 41. Nxa5 Ke7 42. Nc4 Kd8 43. Kd3 Kc7 44. e4 Kc6 45. f4 Nf6 46. exf5 exf5 47. Ne3 g6 48. g4 fxg4 49. Nxg4 Nh5 50. Ke3 Kb6 51. Nxh6 Ka5 52. Nf7 Ng7 53. Ne5 Nf5+ 54. Kd3 Kxa4 55. Kc4 Nh4 56. Nd3 Ng2 57. Nxc5+ Ka5 58. Nd3 Ne3+ 59. Kd4 Ng2 60. Ke5 Kb5 61. Kf6 Kc4 62. Ne5+ Kb3 63. Nxg6 Kxb2 64. h4 Kc3 65. h5 Kd4 66. h6 Kd5 1-0

[Event "2026 Biel Blitz Open"]
[Site "Biel, CH"]
[Date "2026.07.19"]
[Round "13"]
[White "Safarli, Eltaj"]
[Black "Savitha Shri B"]
[Result "1-0"]
[Board "3"]
[TimeControl "180+2"]
[WhiteFideId "13402129"]
[BlackFideId "35061887"]
[WhiteElo "2619"]
[BlackElo "2161"]
[WhiteTitle "GM"]
[BlackTitle "IM"]
[WhiteClock "0:00:22"]
[BlackClock "0:00:30"]
[Variant "Standard"]
[EndDate "2026.07.19"]
[EndTime "16:27:24"]

1. e4 c5 2. Nf3 e6 3. Nc3 Nc6 4. Bb5 Qc7 5. O-O Nf6 6. Re1 Ng4 7. Bxc6 bxc6 8. e5 f6 9. exf6 Nxf6 10. d4 cxd4 11. Qxd4 Be7 12. Bf4 Qb6 13. Qd2 O-O 14. b3 Nd5 15. Be5 d6 16. Bg3 Nxc3 17. Qxc3 e5 18. Rad1 Be6 19. Nd2 Bd5 20. Nc4 Qc5 21. Qe3 Qxe3 22. Nxe3 Be6 23. c4 a5 24. c5 d5 25. Bxe5 Bxc5 26. Rc1 Bb4 27. Red1 Rfc8 28. Nc2 Be7 29. Nd4 c5 30. Nxe6 Ra6 31. Nc7 1-0

[Event "2026 Biel Blitz Open"]
[Site "Biel, CH"]
[Date "2026.07.19"]
[Round "13"]
[White "Aronyak Ghosh"]
[Black "Kozak, Adam"]
[Result "1/2-1/2"]
[Board "4"]
[TimeControl "180+2"]
[WhiteFideId "25072846"]
[BlackFideId "753246"]
[WhiteElo "2488"]
[BlackElo "2537"]
[WhiteTitle "IM"]
[BlackTitle "GM"]
[WhiteClock "0:00:13"]
[BlackClock "0:00:07"]
[Variant "Standard"]
[EndDate "2026.07.19"]
[EndTime "16:20:02"]

1. d4 Nf6 2. Bf4 b6 3. e3 Bb7 4. c4 g6 5. Nc3 d6 6. h3 Bg7 7. Nf3 Nbd7 8. Be2 e5 9. Bh2 Ne4 10. Nxe4 Bxe4 11. O-O O-O 12. Nd2 Bb7 13. Bf3 Qc8 14. Bxb7 Qxb7 15. Qf3 Qxf3 16. Nxf3 Rfe8 17. Rfd1 exd4 18. Nxd4 a6 19. Rac1 Re4 20. b3 f5 21. Ne2 Kf7 22. Nf4 Rc8 23. Nd5 Nf6 24. Kf1 Nd7 25. Rc2 Ree8 26. g4 Nf6 27. gxf5 gxf5 28. Nxf6 Bxf6 29. Rd5 Ke6 30. Ke2 Rg8 31. Kf3 Rg6 32. Bg3 Rh6 33. Kg2 Rg8 34. Kh2 Rh5 35. e4 Kf7 36. Re2 Re8 37. Kg2 Rg5 38. h4 Rg4 39. f3 Rg6 40. Kh3 fxe4 41. Rxe4 Rxe4 42. fxe4 Ke6 43. Rh5 h6 44. Rf5 Rg8 45. Bf4 Bg7 46. Kg4 Be5+ 47. Kf3 Bxf4 48. Kxf4 Rg2 49. Rh5 Rf2+ 50. Ke3 Rxa2 51. Rxh6+ Ke5 52. Rh5+ Ke6 53. Rh6+ Ke5 54. Rh5+ 1/2-1/2

[Event "2026 Biel Blitz Open"]
[Site "Biel, CH"]
[Date "2026.07.19"]
[Round "13"]
[White "Rappazzo, Johannes"]
[Black "Shukhman, Anna"]
[Result "1-0"]
[Board "5"]
[TimeControl "180+2"]
[WhiteFideId "1340069"]
[BlackFideId "54180058"]
[WhiteElo "2032"]
[BlackElo "2392"]
[WhiteTitle "FM"]
[BlackTitle "WGM"]
[WhiteClock "0:00:14"]
[BlackClock "0:00:08"]
[Variant "Standard"]
[EndDate "2026.07.19"]
[EndTime "16:18:53"]

1. e4 c5 2. Nf3 d6 3. d4 cxd4 4. Nxd4 Nf6 5. Nc3 g6 6. Be3 Nc6 7. f3 h5 8. Bc4 Bd7 9. Bb3 Bg7 10. O-O h4 11. h3 Qa5 12. f4 Rc8 13. Qf3 Qh5 14. Qf2 a6 15. Rae1 O-O 16. Nf3 b5 17. Ng5 Nh7 18. Nxh7 Kxh7 19. Nd5 Na5 20. Bd4 Nxb3 21. cxb3 Rce8 22. Bxg7 Kxg7 23. Qa7 Be6 24. Qd4+ f6 25. Nc7 Kf7 26. Nxe8 Rxe8 27. f5 Bd7 28. Qd5+ Kg7 29. fxg6 Qxg6 30. Kh1 Rc8 31. Rc1 Rxc1 32. Rxc1 Qg3 33. Rc3 Qe1+ 34. Kh2 Qf2 35. Rf3 Qe2 36. Qb7 Qxe4 37. Qxe4 1-0

[Event "2026 Biel Blitz Open"]
[Site "Biel, CH"]
[Date "2026.07.19"]
[Round "13"]
[White "Dong, Hongfu"]
[Black "Ling, Chenxuan"]
[Result "1/2-1/2"]
[Board "6"]
[TimeControl "180+2"]
[WhiteFideId "8626960"]
[BlackFideId "30983118"]
[WhiteElo "2290"]
[BlackElo "2235"]
[BlackTitle "CM"]
[WhiteClock "0:00:08"]
[BlackClock "0:01:00"]
[Variant "Standard"]
[EndDate "2026.07.19"]
[EndTime "16:18:42"]

1. e4 e6 2. d4 d5 3. Nc3 Bb4 4. exd5 exd5 5. Bd3 Nf6 6. h3 O-O 7. Qf3 Ne4 8. Nge2 Nc6 9. Be3 Nxc3 10. bxc3 Be7 11. Nf4 Be6 12. h4 Qd7 13. h5 h6 14. Nxe6 fxe6 15. Qg4 Rf6 16. Rh3 Bd6 17. Rf3 Raf8 18. Rxf6 Rxf6 19. c4 Nb4 20. cxd5 Nxd3+ 21. cxd3 Bb4+ 22. Kf1 Qxd5 23. Kg1 Bd6 24. a4 a6 25. Rb1 b6 26. Rc1 Qf5 27. Qxf5 Rxf5 28. g4 Rd5 29. Kg2 Kf7 30. Kf3 Ra5 31. Rc4 Rd5 32. Ke4 Ke7 33. f4 b5 34. axb5 Rxb5 35. Ra4 a5 36. Bd2 Bb4 37. Be3 Bd6 38. g5 Kd7 39. Bd2 Bb4 40. Be3 Be7 41. Bd2 hxg5 42. fxg5 Bxg5 43. Rxa5 Rxa5 44. Bxa5 Bf6 45. Bb4 c6 1/2-1/2

[Event "2026 Biel Blitz Open"]
[Site "Biel, CH"]
[Date "2026.07.19"]
[Round "13"]
[White "Cao, Qingfeng"]
[Black "Ashwath Kaushik"]
[Result "1-0"]
[Board "7"]
[TimeControl "180+2"]
[WhiteFideId "8627568"]
[BlackFideId "33387230"]
[WhiteElo "2264"]
[BlackElo "2122"]
[WhiteTitle "IM"]
[BlackTitle "FM"]
[WhiteClock "0:00:30"]
[BlackClock "0:00:18"]
[Variant "Standard"]
[EndDate "2026.07.19"]
[EndTime "16:20:43"]

1. d4 d5 2. c4 e6 3. Nf3 Nf6 4. g3 Be7 5. Bg2 O-O 6. Nc3 a5 7. O-O dxc4 8. Ne5 Nc6 9. Bxc6 bxc6 10. Nxc6 Qe8 11. Nxe7+ Qxe7 12. Qa4 Nd5 13. Qc6 Rb8 14. Qxc4 Bb7 15. f3 Rfc8 16. e4 Nxc3 17. bxc3 e5 18. Be3 exd4 19. cxd4 Qf6 20. Qc5 Ba6 21. Rf2 Rb5 22. Qc3 c5 23. Rc1 c4 24. Kg2 Rb4 25. Bd2 Ra4 26. Be3 Qd6 27. d5 Ra3 28. Qd4 Rd3 29. Qb6 Qxb6 30. Bxb6 a4 31. Ba5 Rc5 32. Bb4 Rc8 33. Rd2 Rb8 34. Rxd3 cxd3 35. a3 f5 36. Kf2 fxe4 37. fxe4 d2 38. Rd1 Re8 39. Ke3 Bc4 40. Kd4 Bb3 41. Rxd2 Kf7 42. Rf2+ Kg6 43. e5 Rd8 44. d6 Be6 45. Rc2 Rc8 46. Rc7 Rxc7 47. dxc7 Bc8 48. Kd5 Kf7 49. Kd6 Ke8 50. e6 g6 51. Bd2 Bb7 52. Bg5 Bc8 53. Ke5 Bb7 54. Kf6 Bc8 55. h4 Kf8 56. Bf4 Ke8 57. Bd6 Bb7 58. Kg7 Bc8 59. Kxh7 Bxe6 60. Kxg6 Kd7 61. Be5 Ke7 62. h5 Bf7+ 63. Kg5 Be6 64. g4 Kf7 65. Kf4 Kg8 66. g5 Kh7 67. Bf6 Kg8 68. g6 Bc8 69. h6 Kf8 70. h7 1-0

[Event "2026 Biel Blitz Open"]
[Site "Biel, CH"]
[Date "2026.07.19"]
[Round "13"]
[White "Amonatov, Farrukh"]
[Black "Kukushkin, Ivan"]
[Result "1-0"]
[Board "8"]
[TimeControl "180+2"]
[WhiteFideId "14700077"]
[BlackFideId "11634103"]
[WhiteElo "2585"]
[BlackElo "2265"]
[WhiteTitle "GM"]
[BlackTitle "FM"]
[WhiteClock "0:00:12"]
[BlackClock "0:00:16"]
[Variant "Standard"]
[EndDate "2026.07.19"]
[EndTime "16:20:09"]

1. e4 c5 2. Nf3 Nc6 3. d4 cxd4 4. Nxd4 Nf6 5. Nc3 e6 6. Ndb5 Bb4 7. a3 Bxc3+ 8. Nxc3 d5 9. exd5 exd5 10. Bd3 O-O 11. O-O d4 12. Ne2 Bg4 13. Bg5 Re8 14. f3 Bh5 15. Nf4 Bg6 16. Nxg6 hxg6 17. f4 Qd6 18. f5 gxf5 19. Rxf5 Ne4 20. Qg4 Nxg5 21. Rxg5 Qh6 22. Rf1 Ne5 23. Qf5 f6 24. Rh5 Qe3+ 25. Kh1 Rad8 26. Rh3 Qd2 27. Qh7+ Kf7 28. Rg3 Rg8 29. Qh5+ Ke7 30. Bh7 Rgf8 31. Rxg7+ Kd6 32. Rxb7 Qg5 33. Qe2 Rc8 34. Qa6+ Rc6 35. Qa5 Rh8 36. Qb4+ Ke6 37. Bf5+ Qxf5 38. Re7+ Kd5 39. Rxf5 Rxc2 40. Qb3+ 1-0

[Event "2026 Biel Blitz Open"]
[Site "Biel, CH"]
[Date "2026.07.19"]
[Round "13"]
[White "Clausen, Martin"]
[Black "Alexakis, Dimitris"]
[Result "0-1"]
[Board "9"]
[TimeControl "180+2"]
[WhiteFideId "1314882"]
[BlackFideId "4277023"]
[WhiteElo "1956"]
[BlackElo "2459"]
[BlackTitle "GM"]
[WhiteClock "0:00:12"]
[BlackClock "0:00:06"]
[Variant "Standard"]
[EndDate "2026.07.19"]
[EndTime "16:24:20"]

1. e4 c5 2. a3 d5 3. exd5 Nf6 4. Nc3 Nxd5 5. Bc4 Nb6 6. Ba2 Nc6 7. Nf3 Bf5 8. d3 e6 9. O-O Bg4 10. Ne4 Nd4 11. Ned2 Bd6 12. c3 Nxf3+ 13. Nxf3 Qc7 14. h3 h5 15. Qe2 O-O-O 16. b4 g5 17. bxc5 Bxc5 18. d4 Bxf3 19. Qxf3 g4 20. Qe4 Bd6 21. Bg5 Rdg8 22. h4 Be7 23. Bxe7 Qxe7 24. g3 Rd8 25. Rab1 Qd7 26. Rfd1 Qc6 27. Qe5 Qc7 28. Qe4 Nd5 29. Bxd5 exd5 30. Qf5+ Qd7 31. Qf4 Rhe8 32. Re1 Re6 33. Re5 f6 34. Re3 Rxe3 35. Qxe3 Re8 36. Qf4 Qe6 37. a4 b6 38. a5 Kb7 39. axb6 axb6 40. Ra1 Ra8 41. Rxa8 Kxa8 42. Qh6 Qe1+ 43. Kg2 Qe4+ 44. Kg1 Qf5 45. Qf8+ Kb7 46. Qe7+ Ka6 47. Qa3+ Kb5 48. Qb4+ Kc6 49. Qa4+ Kb7 50. Qe8 Qb1+ 51. Kh2 Qf5 52. Kg1 Kc7 53. Qe7+ Kc6 54. Qe8+ Kb7 55. Qe7+ Ka6 56. Qa3+ Kb5 57. Qb4+ Kc6 58. Qa4+ Kb7 59. Qe8 Qb1+ 60. Kh2 Qf5 61. Qe7+ Kc6 62. Qe8+ Kb7 63. Qe7+ Ka6 64. Qa3+ Kb5 65. Qb3+ Kc6 66. Qa4+ Kb7 67. Kg1 Qe6 68. Qb4 Qe1+ 69. Kg2 Qe4+ 70. Kg1 f5 71. Qa3 f4 72. gxf4 Qe1+ 73. Kg2 Qe4+ 74. Kg1 Qxf4 75. Qe7+ Ka6 76. Qa3+ Kb5 77. Qb4+ Kc6 78. Qa4+ Kd6 79. Qb4+ Kc6 80. Qa4+ Kd6 81. Qb4+ Kc7 82. Qe7+ Kc6 83. Qe8+ Kc7 84. Qe7+ Kc6 85. Qe6+ Qd6 86. Qc8+ Kb5 87. Qe8+ Kc4 88. Qc8+ Kd3 89. Kg2 Qf6 90. Qc7 b5 91. Qc5 Qf3+ 92. Kg1 Kd2 93. Qxb5 Kxc3 94. Qc5+ Kd3 95. Qa3+ Kxd4 96. Qb4+ Kd3 97. Qb3+ Ke4 98. Qb4+ d4 99. Qe7+ Kd3 100. Qa3+ Kd2 101. Qb2+ Kd3 102. Qb3+ Ke4 103. Qe6+ Kf4 104. Qf6+ Ke4 105. Qe6+ Kd3 106. Qb3+ Ke2 107. Qc2+ Ke1 108. Qb1+ Qd1 109. Qb4+ Ke2+ 110. Kh2 Kxf2 111. Qf8+ Ke1 112. Qf4 Qd2+ 113. Kh1 Qxf4 0-1

[Event "2026 Biel Blitz Open"]
[Site "Biel, CH"]
[Date "2026.07.19"]
[Round "13"]
[White "Thorfinnsson, Bjorn"]
[Black "Gautier, Anand"]
[Result "1/2-1/2"]
[Board "10"]
[TimeControl "180+2"]
[WhiteFideId "2300982"]
[BlackFideId "26010186"]
[WhiteElo "2396"]
[BlackElo "2198"]
[WhiteTitle "IM"]
[BlackTitle "FM"]
[WhiteClock "0:00:18"]
[BlackClock "0:00:08"]
[Variant "Standard"]
[EndDate "2026.07.19"]
[EndTime "16:27:42"]

1. d4 Nf6 2. Nf3 g6 3. Bg5 Bg7 4. e3 O-O 5. Bd3 c5 6. c3 d6 7. Nbd2 Nc6 8. Qc2 Bd7 9. h4 Rc8 10. a3 cxd4 11. exd4 Bg4 12. Bxf6 Bxf6 13. h5 Bxh5 14. Rxh5 gxh5 15. Bxh7+ Kg7 16. d5 Ne5 17. Bf5 Rc5 18. Be4 Rh8 19. Nb3 Rc8 20. O-O-O Nxf3 21. Bxf3 Qg8 22. Qf5 Rc7 23. Be4 Kf8 24. Kb1 Qg4 25. Rh1 Qxf5 26. Bxf5 h4 27. Kc2 Rg8 28. Be4 e6 29. dxe6 fxe6 30. Bf3 d5 31. Re1 Re7 32. Nc5 Kf7 33. Bh5+ Kg7 34. Nxe6+ Kh6 35. Bf3 d4 36. cxd4 Bxd4 37. Rd1 Bxf2 38. Nf4 Bc5 39. Rd5 Be3 40. Rh5+ Kg7 41. Nd5 Ree8 42. Rxh4 Bb6 43. Rg4+ Kh6 44. Rh4+ Kg5 45. Rh5+ Kg6 46. Rh1 Rh8 47. Rd1 Rd8 48. Re1 Rc8+ 49. Kb3 Bc5 50. Ka2 b6 51. b4 Bf8 52. Kb3 Rd8 53. Rc1 Rh4 54. Rc6+ Kg5 55. Rc7 Rd4 56. Nc3 Rd3 57. Kc2 Rd2+ 58. Kb3 R2d3 59. Kc2 Rd2+ 60. Kb3 R2d3 61. Ka4 a5 62. Ne4+ Kf4 63. Rf7 Ke3 64. Ng5 axb4 65. axb4 Bd6 66. Ne6 Re8 67. Nc7 Rh8 68. Nb5 Bf8 69. Rf6 Bg7 70. Re6+ Kd2 71. Rxb6 Bb2 72. Nc7 Bd4 73. Rd6 Be5 74. Rxd3+ Kxd3 75. Ne6 Re8 76. Nc5+ Kc4 77. Be2 Kd5 78. Bf3+ Kd6 79. Kb5 Rb8+ 80. Kc4 Bh2 81. b5 Rc8 82. Bc6 Rxc6 83. bxc6 Kxc6 84. Nd3 Kd6 85. Kd4 Ke6 86. Ke4 Kf6 87. Nf4 Kg5 88. Ne2 Kg4 89. Ke3 Bb8 90. Kf2 Ba7+ 91. Kf1 Bb8 92. Nc3 Ba7 93. Ne4 Bb8 94. Nf6+ Kf5 95. Nd7 Ba7 96. Ke2 Kg4 97. Nf6+ Kg3 98. Kf1 Kf4 99. Nd5+ Kg3 100. Nb4 Kg4 101. Nc6 Bb6 102. Ne5+ Kg3 103. Nc4 Bc7 104. Nd2 Kg4 105. Ne4 Bb8 106. Kf2 Ba7+ 107. Kf1 Bb8 108. Kf2 Ba7+ 109. Kf1 Bb8 1/2-1/2

[Event "2026 Biel Blitz Open"]
[Site "Biel, CH"]
[Date "2026.07.19"]
[Round "13"]
[White "Omar, Noaman"]
[Black "Tureshbayev, Anuar"]
[Result "0-1"]
[Board "11"]
[TimeControl "180+2"]
[WhiteFideId "9300244"]
[BlackFideId "651081709"]
[WhiteElo "2274"]
[BlackElo "2328"]
[WhiteTitle "IM"]
[BlackTitle "FM"]
[WhiteClock "0:00:52"]
[BlackClock "0:02:06"]
[Variant "Standard"]
[EndDate "2026.07.19"]
[EndTime "16:15:47"]

1. d4 Nf6 2. c4 e6 3. Nf3 d5 4. Nc3 dxc4 5. e4 b5 6. e5 Nd5 7. Nxb5 Nb6 8. Be2 Nc6 9. O-O Be7 10. Qd2 Qd7 11. Rd1 Bb7 12. Qf4 O-O-O 13. a4 g5 14. Nxg5 Bxg5 15. Qxg5 Rhg8 16. Qf4 a6 17. Bf3 axb5 18. axb5 Nxd4 19. Bxb7+ Kxb7 20. Qe4+ Qd5 21. Qxd5+ Rxd5 22. Kf1 Nb3 23. Rxd5 exd5 24. Rb1 d4 25. Bf4 d3 0-1

[Event "2026 Biel Blitz Open"]
[Site "Biel, CH"]
[Date "2026.07.19"]
[Round "13"]
[White "Mohammad Nubairshah Shaikh"]
[Black "Fernandes Barbosa Dos Santos, Gabriel"]
[Result "1-0"]
[Board "12"]
[TimeControl "180+2"]
[WhiteFideId "5053196"]
[BlackFideId "1354388"]
[WhiteElo "2316"]
[BlackElo "2167"]
[WhiteTitle "IM"]
[BlackTitle "CM"]
[WhiteClock "0:00:12"]
[BlackClock "0:00:07"]
[Variant "Standard"]
[EndDate "2026.07.19"]
[EndTime "16:21:51"]

1. Nf3 d5 2. g3 Nf6 3. Bg2 e6 4. O-O Be7 5. c4 O-O 6. d4 dxc4 7. Qc2 a6 8. a4 Bd7 9. Qxc4 Bc6 10. Bg5 Bd5 11. Qc2 Be4 12. Qc1 h6 13. Bxf6 Bxf6 14. Nbd2 Bxf3 15. Bxf3 c6 16. e3 a5 17. Rd1 Na6 18. Nc4 Nb4 19. Qc3 Rc8 20. Qb3 Qc7 21. Rac1 Rfd8 22. Kg2 Be7 23. h4 Bf6 24. h5 e5 25. dxe5 Bxe5 26. Be4 Bf6 27. Bf5 Rxd1 28. Qxd1 Rd8 29. Qg4 b5 30. Na3 Bxb2 31. Nxb5 Qe5 32. Rb1 cxb5 33. axb5 Bc3 34. b6 Rb8 35. Be4 Qe6 36. Qxe6 fxe6 37. Rc1 Be5 38. b7 Kf7 39. Rc5 Nd5 40. Rxa5 Rxb7 41. Rxd5 exd5 42. Bxd5+ Kf6 43. Bxb7 Bc7 44. f4 Bb6 45. Kf3 Ba5 46. e4 Be1 47. Bd5 Bc3 48. e5+ Ke7 49. Ke4 Be1 50. g4 Bd2 51. Kf5 Be3 52. Bc4 Bd2 53. Bb3 Bc1 54. Ke4 Bd2 55. Bc4 Bc1 56. Kf3 Bd2 57. Ke4 Bc1 58. Kf5 Bd2 59. Bb3 Bc1 60. g5 Bd2 61. Kg4 Bc1 62. Bc4 Bd2 63. Kf5 Bc1 64. gxh6 gxh6 65. Ke4 Bd2 66. Bb3 Bc1 67. f5 Bg5 68. Bc4 Bh4 69. Kf4 Bg5+ 70. Kg4 Bd2 71. f6+ Kf8 72. Kf5 Bc3 73. e6 Bd4 74. e7+ Ke8 75. Bb5+ 1-0

[Event "2026 Biel Blitz Open"]
[Site "Biel, CH"]
[Date "2026.07.19"]
[Round "13"]
[White "Erne, Raphael"]
[Black "Fogo Esquivel, Levi Kalani Alexander"]
[Result "0-1"]
[Board "13"]
[TimeControl "180+2"]
[WhiteFideId "1341928"]
[BlackFideId "5183189"]
[WhiteElo "2128"]
[BlackElo "2219"]
[BlackTitle "FM"]
[WhiteClock "0:00:04"]
[BlackClock "0:00:35"]
[Variant "Standard"]
[EndDate "2026.07.19"]
[EndTime "16:18:29"]

1. c4 Nf6 2. g3 e6 3. Bg2 d5 4. Nf3 Be7 5. d4 O-O 6. Qc2 dxc4 7. O-O b5 8. a4 b4 9. Qxc4 Ba6 10. Qc2 Nd5 11. Rd1 Nd7 12. b3 Qc8 13. e4 N5f6 14. Bb2 c5 15. d5 exd5 16. exd5 c4 17. d6 Bd8 18. bxc4 Qxc4 19. Qxc4 Bxc4 20. Nd4 Rc8 21. Nc6 a5 22. Rc1 Bd5 23. Nd2 Re8 24. Kf1 Kf8 25. Bxd5 Nxd5 26. Nd4 Bf6 27. N2f3 N7b6 28. Rc7 Nxc7 29. dxc7 Rxc7 30. Rb1 Nxa4 31. Nb5 Rd7 32. Bxf6 gxf6 33. Ra1 Nc3 34. Rxa5 Rd5 0-1

[Event "2026 Biel Blitz Open"]
[Site "Biel, CH"]
[Date "2026.07.19"]
[Round "13"]
[White "Bajraktari, Perparim"]
[Black "Elmi, Saad Abobaker"]
[Result "0-1"]
[Board "14"]
[TimeControl "180+2"]
[WhiteFideId "1307711"]
[BlackFideId "1553259"]
[WhiteElo "2045"]
[BlackElo "2409"]
[BlackTitle "IM"]
[WhiteClock "0:00:32"]
[BlackClock "0:00:25"]
[Variant "Standard"]
[EndDate "2026.07.19"]
[EndTime "16:27:52"]

1. c4 e6 2. b3 d5 3. g3 Nf6 4. Bb2 d4 5. Bg2 c5 6. e3 Nc6 7. Nf3 Be7 8. exd4 cxd4 9. O-O O-O 10. d3 e5 11. Re1 Nd7 12. Nbd2 Qc7 13. a3 a5 14. Rc1 Nc5 15. Ne4 Bf5 16. Nxc5 Bxc5 17. Ng5 Qe7 18. Ne4 Bxa3 19. Bxa3 Qxa3 20. g4 Be6 21. Ng5 Bd7 22. Be4 h6 23. Nh3 Qe7 24. Qf3 Qh4 25. Bf5 Bxf5 26. gxf5 Qf6 27. Kh1 g6 28. Rg1 Ne7 29. Qxb7 Rab8 30. Qe4 Qxf5 31. Qxf5 Nxf5 32. Rce1 Rfe8 33. f4 Rxb3 34. fxe5 Rxd3 35. Nf4 Rf3 36. Nd5 Kg7 37. Nf6 Re6 38. Nh5+ Kf8 39. Nf6 d3 40. Rb1 Ng7 0-1

[Event "2026 Biel Blitz Open"]
[Site "Biel, CH"]
[Date "2026.07.19"]
[Round "13"]
[White "Haimovich, Tal"]
[Black "Stefan, Romulus-Cristian"]
[Result "1-0"]
[Board "15"]
[TimeControl "180+2"]
[WhiteFideId "2801698"]
[BlackFideId "1232835"]
[WhiteElo "2347"]
[BlackElo "2048"]
[WhiteTitle "IM"]
[BlackTitle "CM"]
[WhiteClock "0:00:15"]
[BlackClock "0:00:06"]
[Variant "Standard"]
[EndDate "2026.07.19"]
[EndTime "16:24:21"]

1. Nf3 d5 2. b3 Nf6 3. Bb2 c6 4. e3 Bg4 5. Be2 Nbd7 6. c4 e6 7. d3 Bd6 8. Nbd2 Qe7 9. O-O Ba3 10. Bxa3 Qxa3 11. Qc2 O-O 12. Rfd1 Rfe8 13. Nf1 Qe7 14. Ng3 Rac8 15. Rac1 h6 16. h3 Bxf3 17. Bxf3 Qf8 18. d4 g6 19. Qd2 h5 20. Qa5 a6 21. b4 Qd6 22. Rc2 b6 23. Qa3 a5 24. Rb1 Ra8 25. c5 Qe7 26. cxb6 Nxb6 27. Be2 Rec8 28. Qb3 a4 29. Qc3 h4 30. Nf1 Ne4 31. Qb2 a3 32. Qc1 Qd6 33. Nd2 f5 34. Nf3 g5 35. Ne5 Nd7 36. Nxc6 Kg7 37. b5 Nb6 38. Bd3 Rc7 39. Ne5 Rxc2 40. Qxc2 Rc8 41. Nc6 Na4 42. Qxa4 1-0

[Event "2026 Biel Blitz Open"]
[Site "Biel, CH"]
[Date "2026.07.19"]
[Round "13"]
[White "Maruntis, Patrik-Robert"]
[Black "Nguyen Thi Mai Hung"]
[Result "1-0"]
[Board "16"]
[TimeControl "180+2"]
[WhiteFideId "1259997"]
[BlackFideId "12401676"]
[WhiteElo "2167"]
[BlackElo "2039"]
[BlackTitle "WGM"]
[WhiteClock "0:00:09"]
[BlackClock "0:00:05"]
[Variant "Standard"]
[EndDate "2026.07.19"]
[EndTime "16:20:16"]

1. e4 e6 2. d4 d5 3. Nc3 Nf6 4. e5 Nfd7 5. f4 c5 6. Nf3 Nc6 7. Be3 Be7 8. Be2 O-O 9. O-O b6 10. f5 cxd4 11. Nxd4 Ndxe5 12. Kh1 Bd7 13. Ncb5 Bf6 14. c3 a6 15. Nxc6 Nxc6 16. fxe6 fxe6 17. Nd4 b5 18. Bg4 e5 19. Ne6 Bxe6 20. Bxe6+ Kh8 21. Bxd5 Rc8 22. Bc5 Ne7 23. Bxe7 Qxe7 24. Be4 Rc4 25. Bd3 Rh4 26. g3 Qb7+ 27. Qf3 Qxf3+ 28. Rxf3 Rh6 29. a4 Rb8 30. axb5 axb5 31. Bxb5 e4 32. Re3 Kg8 33. Bc4+ Kf8 34. b3 Rh5 35. Rae1 Re5 36. Rxe4 Rxe4 37. Rxe4 Bxc3 38. Rf4+ Bf6 39. Kg2 h6 40. Rf2 Ke7 41. Ra2 Rb7 42. h4 Be5 43. Kf3 Kf6 44. Ra6+ Ke7 45. Re6+ Kd7 46. Rxe5 1-0